 Dungeon Crawl Stone Soup version 0.20-a0-842-g939b552 (webtiles) character file.

14571 M4edhros the Unseen (level 12, -1/79 HPs)
             Began as an Octopode Artificer on Mar 9, 2017.
             Was an Initiate of Gozag.
             Slain by a freezing wraith (4 damage)
             ... on level 12 of the Dungeon.
             The game lasted 00:28:47 (14551 turns).

M4edhros the Unseen (Octopode Artificer)           Turns: 14551, Time: 00:28:48

Health: -1/79      AC:  8    Str: 15    XL:     12   Next: 17%
Magic:  23/23      EV: 19    Int: 16    God:    Gozag
Gold:   515        SH:  0    Dex: 16    Spells: 11/11 levels left

rFire    + . .     SeeInvis .   T - +5 scythe "Finisher" {speed, Str+3}
rCold    . . .     Gourm    .   (shield currently unavailable)
rNeg     + . .     Faith    .   (helmet restricted)
rPois    +         Spirit   .   (no amulet)
rElec    .         Reflect  .   y - ring of positive energy
rCorr    +         Harm     .   b - ring "Xaopor" {+Fly rF+}
MR       .....                  K - ring of magical power
Stlth    ++++++++..             L - ring of resist corrosion
Regen    0.3/turn               M - +5 ring of protection
MPRegen  0.2/turn               (no ring)
                                (no ring)
                                (no ring)

@: slowed, very slow
A: almost no armour, stealthy swim, amphibious, 8 rings, constrict 8, tentacle
spike 1, iridescent scales 1, camouflage 1, clever 1, poison resistance, wild
magic 1, gelatinous body 1
a: Potion Petition, Call Merchant, Bribe Branch, Renounce Religion, Evoke Flight


You were on level 12 of the Dungeon.
You worshipped Gozag.
Gozag was pleased with you.
You were not hungry.

You visited 2 branches of the dungeon, and saw 13 of its levels.
You also visited: Ossuary and Bailey.

You collected 1917 gold pieces.
You spent 1327 gold pieces at shops.
You paid 75 gold pieces to Gozag.

Inventory:

Hand Weapons
 n - a +2 trident of venom
 T - the +5 scythe "Finisher" (weapon) {speed, Str+3}
   (You bought it in a shop on level 6 of the Dungeon)

   Attacks with this weapon are significantly faster.
   It affects your strength (+3).
 U - the +3 shortbow of Ynamil {venom, MR++ Dex-5}
   (You found it in a bailey)

   It poisons the ammo it fires.
   It affects your dexterity (-5).
   It affects your resistance to hostile enchantments.
Missiles
 t - 113 arrows
Armour
 Q - a +1 large shield
Jewellery
 a - an uncursed ring of fire
 b - the ring "Xaopor" (right tentacle) {+Fly rF+}
   (You bought it in a shop on level 6 of the Dungeon)

   [ring of flight]

   It protects you from fire.
   It lets you fly.
 y - a ring of positive energy (left tentacle)
 K - a ring of magical power (on tentacle)
 L - a ring of resist corrosion (on tentacle)
 M - a +5 ring of protection (on tentacle)
Wands
 c - a wand of enslavement (6/24)
 d - a wand of random effects (0/48)
 e - a wand of iceblast (3/15)
 o - a wand of random effects (25/48)
 C - a wand of flame (0/48)
 I - a wand of lightning (0/15)
 J - a wand of lightning (3/15)
Scrolls
 f - a scroll of noise {unknown}
 i - 6 scrolls of teleportation
 l - 5 scrolls of immolation
 m - 2 scrolls of identify
 w - 2 scrolls of fear
 z - 2 scrolls of amnesia
 D - a scroll of acquirement
 E - 2 scrolls of enchant weapon
 G - 2 scrolls of recharging
 N - 2 scrolls of remove curse
 R - 2 scrolls of fog
Potions
 g - 2 potions of might
 h - a potion of haste
 j - 3 potions of agility
 k - 3 potions of flight
 p - 6 potions of curing
 q - 4 potions of ambrosia
 r - 2 potions of heal wounds
 s - 4 potions of invisibility
 u - a potion of cancellation {unknown}
 v - 2 potions of mutation
 x - a potion of berserk rage {unknown}
 F - 4 potions of lignification
 O - 3 potions of brilliance
 S - a potion of resistance {unknown}
Books
 A - a book of Frost

   Spells                             Type                      Level
   a - Freeze                         Ice                          1
   b - Throw Frost                    Conjuration/Ice              2
   c - Ozocubu's Armour               Charms/Ice                   3
   d - Throw Icicle                   Conjuration/Ice              4
   e - Summon Ice Beast               Ice/Summoning                4
 P - a book of Air

   Spells                             Type                      Level
   a - Shock                          Conjuration/Air              1
   b - Swiftness                      Charms/Air                   2
   c - Static Discharge               Conjuration/Air              3
   d - Airstrike                      Air                          4
   e - Lightning Bolt                 Conjuration/Air              5
Comestibles
 B - 4 meat rations
 H - 4 fruits


   Skills:
 + Level 6.0 Fighting
   Level 1.0 Short Blades
 * Level 8.8 Polearms
 * Level 8.4 Dodging
 - Level 18.4 Stealth
 - Level 3.2 Evocations


You had 11 spell levels left.
You didn't know any spells.

Dungeon Overview and Level Annotations

Branches:
Dungeon (12/15)            Temple (1/1) D:7            Lair (0/6) D:11
    Orc (0/2) D:9

Altars:
Ashenzari
Cheibriados
Dithmenos
Elyvilon
Fedhas
Gozag
Hepliaklqana
Kikubaaqudgha
Makhleb
Nemelex Xobeh
Okawaru
Qazlal
Ru
Trog
Uskayaw
Vehumet
Wu Jian
Xom
Yredelemnul
Zin
The Shining One

Shops:
D:4 *   D:6 %[(*   D:9 [(%%


Innate Abilities, Weirdness & Mutations

You cannot wear most types of armour.
You are very stealthy in the water. (Stealth+)
You are amphibious.
You can wear up to eight rings at the same time.
You can use your tentacles to constrict eight enemies at once.
Your skin changes colour to match your surroundings (Stealth+).
Your rubbery body absorbs attacks. (AC +1, EV +1)
One of your tentacles bears a spike.
You are partially covered in iridescent scales. (AC +2)
Your mind is acute. (Int +2)
Your system is resistant to poisons. (rPois)
Your spells are a little harder to cast, but a little more powerful.


Message History

You barely miss the freezing wraith.
You pierce the freezing wraith, but do no damage.
The freezing wraith is heavily damaged.
The freezing wraith hits you but does no damage.
The freezing wraith hits you.
You slash the freezing wraith!
Your squeeze misses the freezing wraith.
The freezing wraith is severely damaged.
The freezing wraith barely misses you. The freezing wraith hits you.
The freezing wraith drains your vigour!
You feel yourself slow down.
You slash the freezing wraith!
You pierce the freezing wraith, but do no damage.
The freezing wraith is almost destroyed.
The freezing wraith hits you!
* * * LOW HITPOINT WARNING * * *
The freezing wraith freezes you!
* * * LOW HITPOINT WARNING * * *
The freezing wraith barely misses you. The freezing wraith hits you.
You die...
Your body crumbles into a pile of gold.

######
####......
###.........
##...........
##.....$....≈.
#.....$$$≈≈≈≈.
##.....@W≈≈#
#......≈≈≈≈#
#.....≈≈≈≈≈#
##....≈≈≈≈≈##
#....≈≈≈≈≈##
#....≈≈####
#...≈≈≈#
#...≈≈≈#
#..≈≈≈≈#


You could see a freezing wraith.

Vanquished Creatures
  The ghost of cortexin the Grappler, a journeyman TrMo (D:11)
  2 two-headed ogres (D:10)
  The ghost of Somebody the Grappler, a novice TrMo of Wu Jian (D:11)
  Nergalle (D:10)
  3 ugly things
  An orc sorcerer (Bailey)
  A manticore (D:12)
  A kobold demonologist (Bailey)
  2 trolls (D:11)
  2 hippogriffs
  A water elemental (D:11)
  A wyvern (D:10)
  3 yaks (D:11)
  Edmund (D:6)
  2 water moccasins
  Duvessa (D:7)
  2 sky beasts
  An ice beast (D:7)
  A black bear (D:7)
  14 orc warriors
  A necrophage (D:7)
  4 phantoms
  5 ogres
  2 wolves (D:11)
  3 centaurs
  A crocodile (D:12)
  A big kobold (D:8)
  6 bullfrogs
  Dowan (D:7)
  A wyvern skeleton (D:10)
  15 scorpions
  4 killer bees (D:11)
  2 howler monkeys
  7 wights
  8 electric eels
  2 bullfrog zombies
  2 crimson imps
  2 quasits
  4 centaur zombies
  A human zombie (Ossuary)
  4 orc priests
  10 hounds
  A gnoll shaman (D:4)
  3 orc wizards
  2 bullfrog skeletons
  A jelly (D:5)
  Crazy Yiuf (D:2)
  3 centaur skeletons
  5 iguanas
  Natasha (thrice) (D:2)
  7 worker ants
  3 hound skeletons
  3 mummies
  2 worker ant zombies
  7 gnolls
  10 adders
  3 scorpion zombies (Ossuary)
  2 shadow imps
  An ooze (D:7)
  2 adder skeletons
  3 dart slugs
  7 leopard geckos
  44 orcs
  6 giant cockroaches
  12 goblins
  16 hobgoblins
  16 jackals
  6 quokkas
  2 ball pythons
  4 bats
  2 frilled lizards (D:1)
  2 gnoll zombies (Ossuary)
  3 goblin zombies (Ossuary)
  5 hobgoblin zombies (Ossuary)
  12 kobolds
  A kobold zombie (Ossuary)
  3 leopard gecko skeletons
  A leopard gecko zombie (D:5)
  4 orc zombies (Ossuary)
  6 rats
342 creatures vanquished.

Vanquished Creatures (collateral kills)
  An acid dragon (D:11)
  A gnoll (D:4)
  An orc (Bailey)
  2 goblins (Bailey)
  2 hobgoblins (Bailey)
  2 bats (D:2)
9 creatures vanquished.

Vanquished Creatures (others)
  A mummy (Ossuary)
  2 gnolls (D:4)
3 creatures vanquished.

Grand Total: 354 creatures vanquished

Notes
Turn   | Place    | Note
-------+----------+-------------------------------------------
     0 | D:1      | M4edhros the Octopode Artificer began the quest for the Orb.
     0 | D:1      | Reached XP level 1. HP: 13/13 MP: 3/3
   241 | D:2      | Noticed Natasha
   247 | D:2      | Killed Natasha
   247 | D:2      | Reached skill level 4 in Stealth
   247 | D:2      | Reached XP level 2. HP: 8/18 MP: 4/4
   247 | D:2      | Reached XP level 3. HP: 10/23 MP: 5/5
   303 | D:2      | Found a bloodstained altar of Trog.
   740 | D:4      | Found an ancient bone altar of Kikubaaqudgha.
   741 | D:4      | Found a hazy altar of Hepliaklqana.
   789 | D:4      | Found Jacuazew's General Store.
   818 | D:4      | Noticed a centaur
   824 | D:4      | Killed a centaur
   824 | D:4      | Reached skill level 6 in Stealth
   824 | D:4      | Reached XP level 4. HP: 18/28 MP: 6/6
   907 | D:4      | Reached XP level 5. HP: 30/33 MP: 7/7
   936 | D:4      | Found a stormy altar of Qazlal.
   936 | D:4      | Found an iron altar of Okawaru.
  1256 | D:3      | Noticed a sky beast
  1294 | D:3      | Killed a sky beast
  1294 | D:3      | Reached skill level 8 in Stealth
  1640 | D:4      | Reached XP level 6. HP: 38/38 MP: 8/8
  1715 | D:4      | Reached skill level 9 in Stealth
  2206 | D:5      | Entered Level 5 of the Dungeon
  2219 | D:5      | Reached skill level 10 in Stealth
  2219 | D:5      | Reached XP level 7. HP: 36/43 MP: 9/9
  2313 | D:5      | HP: 2/43 [iguana (14)]
  2447 | D:5      | Found a sand-covered staircase.
  2554 | Ossuary  | Entered an ossuary
  2588 | Ossuary  | Reached skill level 11 in Stealth
  3039 | Ossuary  | Reached skill level 12 in Stealth
  3039 | Ossuary  | Reached XP level 8. HP: 28/48 MP: 10/10
  3429 | Ossuary  | Reached skill level 13 in Stealth
  4009 | D:5      | You fall through a shaft!
  4022 | D:6      | Found Nodghimy's Food Emporium.
  4070 | D:6      | Found Voxary's Antique Armour Emporium.
  4091 | D:6      | Reached skill level 14 in Stealth
  4113 | D:6      | Noticed Edmund
  4129 | D:6      | Gained mutation: Your system is resistant to poisons. (rPois) [potion of mutation]
  4129 | D:6      | Gained mutation: Your mind is acute. (Int +2) [potion of mutation]
  4130 | D:6      | HP: 1/48 [poisoned by Edmund]
  4134 | D:6      | Killed Edmund
  4355 | D:6      | Reached XP level 9. HP: 24/53 MP: 11/11
  4366 | D:6      | Gained mutation: One of your tentacles bears a spike. [mutagenic meat]
  4367 | D:6      | Gained mutation: Your spells are a little harder to cast, but a little more powerful. [mutagenic meat]
  4368 | D:6      | Gained mutation: You are surrounded by a mild repulsion field. (EV +2) [mutagenic meat]
  4369 | D:6      | Lost mutation: You are surrounded by a mild repulsion field. (EV +2) [mutagenic meat]
  4370 | D:6      | Gained mutation: You are partially covered in iridescent scales. (AC +2) [mutagenic meat]
  4648 | D:6      | Reached skill level 15 in Stealth
  5098 | D:6      | Found Tuqem's Assorted Antiques.
  5105 | D:6      | Bought a warped granite ring for 120 gold pieces
  5105 | D:6      | Identified the ring "Xaopor" {+Fly rF+} (You bought it in a shop on level 6 of the Dungeon)
  5317 | D:6      | Found Iske Wun's Antique Weapon Shop.
  5669 | D:7      | Reached skill level 16 in Stealth
  5758 | D:7      | Found a staircase to the Ecumenical Temple.
  5764 | Temple   | Entered the Ecumenical Temple
  6157 | D:7      | HP: 1/52 [hippogriff (6)]
  6389 | D:7      | Reached skill level 17 in Stealth
  6634 | Temple   | Became a worshipper of Gozag Ym Sagoz the Greedy
  6703 | D:2      | Noticed Natasha
  6711 | D:2      | Killed Natasha
  6718 | D:2      | Noticed Natasha
  6726 | D:2      | Killed Natasha
  7456 | D:2      | Found a runed door.
  7734 | D:2      | Noticed Crazy Yiuf
  7738 | D:2      | Killed Crazy Yiuf
  8286 | D:7      | Reached XP level 10. HP: 30/57 MP: 12/12
  8318 | D:7      | Noticed Duvessa
  8333 | D:7      | Noticed Dowan
  8361 | D:7      | Killed Duvessa
  8361 | D:7      | Reached skill level 18 in Stealth
  8366 | D:7      | Killed Dowan
  8601 | D:8      | Found a snail-covered altar of Cheibriados.
  9031 | D:8      | Reached skill level 1 in Polearms
  9499 | D:9      | Found Boisiq's Antique Armour Shoppe.
  9516 | D:9      | Found Goowkag's Antique Weapon Shop.
  9694 | D:9      | Found Wuitim's Food Shoppe.
  9750 | D:9      | Found Zecreuv's Food Emporium.
  9799 | D:9      | Found a staircase to the Orcish Mines.
  9853 | D:9      | Found a flagged portal.
  9871 | Bailey   | Entered a bailey
 10216 | Bailey   | Found an iron altar of Okawaru.
 10216 | Bailey   | Noticed an orc sorcerer
 10216 | Bailey   | Noticed a kobold demonologist
 10233 | Bailey   | Noticed a sixfirhy
 10234 | Bailey   | Killed an orc sorcerer
 10250 | Bailey   | Killed a kobold demonologist
 10542 | Bailey   | Reached skill level 5 in Polearms
 10756 | Bailey   | Got a fine quarterstaff
 10758 | Bailey   | Got an ebony shortbow
 10759 | Bailey   | Identified the cursed +3 shortbow of Ynamil {venom, MR++ Dex-5} (You found it in a bailey)
 11104 | D:6      | Bought a scroll of remove curse for 72 gold pieces
 11106 | D:6      | Identified the cursed +2 quarterstaff of the Tired Spirits {protect, Dex+2} (You found it in a bailey)
 11491 | D:10     | Entered Level 10 of the Dungeon
 11519 | D:10     | Reached XP level 11. HP: 47/67 MP: 13/13
 11553 | D:10     | Noticed Nergalle
 11567 | D:10     | Killed Nergalle
 11567 | D:10     | Reached skill level 5 in Dodging
 11854 | D:10     | Noticed a two-headed ogre
 11892 | D:10     | Killed a two-headed ogre
 12619 | D:6      | Bought the +5 scythe "Finisher" {speed, Str+3} for 1135 gold pieces
 12720 | D:11     | Noticed Somebody's ghost (novice TrMo)
 12844 | D:11     | Killed Somebody's ghost
 12845 | D:11     | Noticed cortexin's ghost (journeyman TrMo)
 12870 | D:10     | Noticed a two-headed ogre
 12878 | D:10     | Killed a two-headed ogre
 12878 | D:10     | Reached skill level 5 in Fighting
 12913 | D:11     | Noticed a red ugly thing
 12930 | D:11     | Killed a red ugly thing
 12947 | D:11     | Found a staircase to the Lair.
 13652 | D:11     | Noticed a brown ugly thing
 13665 | D:11     | Killed a brown ugly thing
 14200 | D:11     | Killed cortexin's ghost
 14200 | D:11     | Reached XP level 12. HP: 30/78 MP: 14/14
 14405 | D:11     | Noticed a two-headed ogre
 14551 | D:12     | HP: 3/79 [freezing wraith (13)]
 14551 | D:12     | Slain by a freezing wraith

Vault maps used:
D:1:      dpeg_cavernosity
D:2:      nicolae_overflow_crystal_walls, first_bread, item_on_display_a,
          uniq_natasha, uniq_crazy_yiuf_cottage
D:4:      nicolae_overflow_hidden_temple, serial_shops, kennysheep_little_box
D:5:      gup_ossuary_entry_pyramid
D:6:      serial_shops, shop, nicolae_shop_stone, kennysheep_mini, shop,
          uniq_edmund
D:7:      temple_green, uniq_duvessa
D:8:      lemuel_crystal_altar, corexii_leaking_fountain
D:9:      orc_0_dummy, enter_bailey_3, serial_shops, nicolae_shop_crystal, shop,
          kennysheep_mini_moat, shop
D:10:     uniq_nergalle
D:11:     erik_lair_island
D:12:     cross_vault, special_room
Temple:   nicolae_temple_no_exploring_needed
Ossuary:  ossuary_minmay_scorpions
Bailey:   bailey_axe_of_yendor_kennysheep, bailey

Skill      XL: |  1  2  3  4  5  6  7  8  9 10 11 12 |
---------------+-------------------------------------+-----
Stealth        | 4 6 8 10 12 14 17 18 | 18.4
Polearms       | 5 8 |  8.8
Fighting       | 3 5 6 |  6.0
Dodging        | 4 7 8 |  8.4
Short Blades   | |  1.0
Evocations     | |  3.2

Action                   |  1- 3 |  4- 6 |  7- 9 | 10-12 || total
-------------------------+-------+-------+-------+-------++-------
Melee: Short sword       |    17 |     1 |       |       ||    18
       Constrict         |     5 |    14 |    65 |    58 ||   142
       Tentacles         |     2 |     9 |    64 |    84 ||   159
       Trident           |       |    56 |   388 |   263 ||   707
       Kick              |       |       |    42 |   109 ||   151
       Scythe            |       |       |       |   177 ||   177
 Fire: Shortbow          |       |       |       |     4 ||     4
Evoke: Wand              |     2 |    16 |    12 |    36 ||    66
  Use: Scroll            |       |     4 |     1 |    15 ||    20
       Potion            |       |       |    10 |     8 ||    18
 Stab: Sleeping          |     4 |    10 |    52 |    31 ||    97
       Paralysed         |       |     1 |       |       ||     1
       Distracted        |       |       |     4 |    10 ||    14
  Eat: Chunk             |       |     3 |    15 |       ||    18
       Royal jelly       |       |       |     3 |     5 ||     8
       Bread ration      |       |       |     1 |     2 ||     3
       Meat ration       |       |       |       |     1 ||     1
Armor: Skin              |     1 |     6 |    42 |    69 ||   118
Dodge: Dodged            |    11 |    30 |   215 |   237 ||   493
